cohdb
Replays
Latest Replays
All Replays
Popular Replays
Top Player Replays
Match Explorer
How It Works
Community
CoH3 Stats
Reddit
Sign in to upload your games and track your stats! →
Sign in with Steam
Match 46026874
Unlisted
Match 46026874
Overview
Messages
Build Orders
End
Scout Squad
Construct Weapon Support Center
Selects Special Operations Battlegroup
Selects M29 Weasel Recon Vehicle
M29 Weasel Recon Vehicle
M1919 Machine Gun Team
M1919 Machine Gun Team
Bazooka Squad
Bazooka Squad
Infantry Support Center
Construct Medical Station
Engineer Squad
Selects Raiding Flares
M3 Armored Personnel Carrier
Selects SSF Commando Squad
SSF Commando Squad
Construct Tank Depot
M4A1 Sherman Medium Tank
Selects P-47 Anti-Infantry Loiter
P-47 Anti-Infantry Loiter
Engineer Squad
M4A1 Sherman Medium Tank
SSF Commando Squad
Advanced Logistics
M4A1 Sherman Medium Tank
Bazooka Squad
P-47 Anti-Infantry Loiter
Survival Training
SSF Commando Squad
M18 Hellcat Tank Destroyer
Lizenz
Nostalgi@
0
0
Comments
sign in to comment!
No comments posted yet!